 Dungeon Crawl Stone Soup version 0.31-a0-459-gc8a9bf3d51 (webtiles) character file.

Game seed: 4128129897663897438

228316 MacCMillion the Metamorph (level 18, -11/244 HPs)
             Began as a Grey Draconian Shapeshifter on Aug 4, 2023.
             Was the Champion of Okawaru.
             Mangled by a shard shrike simulacrum (23 damage)
             ... on level 3 of the Abyss.
             The game lasted 01:17:38 (39031 turns).

MacCMillion the Metamorph (DrSh)                   Turns: 39031, Time: 01:17:38

Health: -11/244    AC: 33    Str: 31    XL:     18   Next: 27%
Magic:  25/25      EV: 12    Int: 11    God:    Okawaru [******]
Gold:   2269       SH:  0    Dex: 14    Spells: 17/17 levels left

rFire   . .          .
                       - Unarmed
rCold   + . .        (shield currently unavailable)
rNeg    . . .        (body armour unavailable)
rPois   +            Y - melded +1 hat "Viocw" {Drain Int+3 Dex+5}
rElec   .            (cloak currently unavailable)
rCorr   .            (gloves currently unavailable)
SInv    .            (boots currently unavailable)
Will    +....        T - amulet of regeneration
Stlth   +            v - +4 ring of protection
HPRegen 1.40/turn    M - ring of protection from cold
MPRegen 0.19/turn

%: no passive effects
@: about to teleport, dragon-form, flying
A: dragon claw, dragon scales, flying, boosted hp, AC +15, amphibious, giant,
unfitting armour, (cold-blooded), [screaming 2], ([heat vulnerability 2])
}: 2/15 runes: barnacled, gossamer
a: Begin Untransformation, Renounce Religion, Heroism, Finesse, Duel


You were on level 3 of the Abyss.
You worshipped Okawaru.
Okawaru was exalted by your worship.
You were a fearsome iron dragon!
You visited 6 branches of the dungeon, and saw 31 of its levels.
You visited the Abyss 1 time.
You also visited: Sewer, Ossuary, Ice Cave and Volcano.

You collected 3357 gold pieces.
You spent 1088 gold pieces at shops.

Inventory:

Missiles
 l - 46 poisoned darts
 B - 11 curare-tipped darts
 N - 2 throwing nets
 P - 3 silver javelins
 Q - 7 javelins
Armour
 Y - the +1 hat "Viocw" (melded) {Drain Int+3 Dex+5}
   (Okawaru gifted it to you on level 2 of the Lair of Beasts)

   Int:       It affects your intelligence (+3).
   Dex:       It affects your dexterity (+5).
   Drain:     It drains your maximum health when unequipped.
Jewellery
 o - a ring of wizardry
 v - a +4 ring of protection (left foreclaw)
 x - a ring of positive energy
 J - a ring of resist corrosion
 M - a ring of protection from cold (right foreclaw)
 O - a ring of magical power
 S - a ring of poison resistance
 T - an amulet of regeneration (around neck)
 U - a ring of protection from fire
 X - a ring of fire
Talismans
 b - a dragon-blood talisman (active)
 z - a maw talisman
Wands
 a - a wand of iceblast (13)
 n - a wand of quicksilver (8)
 t - a wand of mindburst (24)
 D - a wand of digging (5)
 E - a wand of flame (48)
Scrolls
 d - 3 scrolls of poison
 e - 7 scrolls of revelation
 f - a scroll of identify
 g - 5 scrolls of enchant armour
 j - 2 scrolls of immolation
 q - 8 scrolls of vulnerability
 s - 16 scrolls of teleportation
 w - 3 scrolls of noise
 y - a scroll of silence
 G - 3 scrolls of torment
 H - 2 scrolls of blinking
 L - 4 scrolls of fog
 R - 3 scrolls of brand weapon
Potions
 c - 5 potions of enlightenment
 h - 9 potions of heal wounds
 i - 4 potions of resistance
 k - 4 potions of magic
 m - 6 potions of cancellation
 p - 14 potions of curing
 r - 3 potions of haste
 u - 8 potions of brilliance
 A - a potion of experience {unknown}
 C - 4 potions of berserk rage {unknown}
 F - 4 potions of mutation
 I - 3 potions of lignification
 K - 9 potions of ambrosia
 V - 3 potions of might {unknown}
 W - 3 potions of attraction
 Z - a potion of invisibility {unknown}


   Skills:
 - Level 15.0 Fighting
 - Level 3.0 Throwing
 - Level 12.0 Dodging
 - Level 4.0 Shields
 - Level 16.0 Unarmed Combat
 - Level 10.0 Invocations
 + Level 18.5 Shapeshifting


You had 17 spell levels left.
You didn't know any spells.
Your spell library contained the following spells:

 Spells                   Type           Power      Damage    Failure   Level
 Magic Dart               Conj           0%         1d3       34%         1
 Sting                    Tmut/Pois      0%         1d3       34%         1
 Cigotuvi's Dreadful Rot  Necr/Pois/Air  0%         N/A       47%         2
 Lesser Beckoning         Tloc           0%         N/A       47%         2
 Poisonous Vapours        Pois/Air       0%         N/A       47%         2
 Sublimation of Blood     Necr           0%         N/A       47%         2
 Gell's Gravitas          Tloc           0%         N/A       71%         3
 Hailstorm                Conj/Ice       0%         3d3       71%         3
 Ignite Poison            Fire/Tmut/Pois 0%         N/A       71%         3
 Mephitic Cloud           Conj/Pois/Air  0%         N/A       71%         3
 Teleport Other           Tloc           0%         N/A       71%         3
 Airstrike                Air            0%         2d(0-16)  98%         4
 Dispel Undead            Necr           0%         3d6       98%         4
 Leda's Liquefaction      Hex/Erth       0%         N/A       98%         4
 Olgreb's Toxic Radiance  Pois           0%         N/A       98%         4
 Petrify                  Tmut/Erth      0%         N/A       98%         4
 Borgnjor's Vile Clutch   Necr/Erth      0%         N/A       100%        5
 Freezing Cloud           Conj/Ice/Air   0%         6-21      100%        5
 Irradiate                Conj/Tmut      0%         3d11      100%        5
 Lee's Rapid Deconstruct  Erth           0%         3d4*      100%        5
 Silence                  Hex/Air        0%         N/A       100%        5
 Conjure Ball Lightning   Conj/Air       0%         3x3d6     100%        6
 Leda's Unmaking          Conj/Erth      0%         9d1       100%        6
 Discord                  Hex            0%         N/A       100%        8
 Disjunction              Tloc           0%         N/A       100%        8
 Call Imp                 Summ           Unusable   N/A       N/A         2
 Summon Ice Beast         Ice/Summ       Unusable   N/A       N/A         4
 Summon Lightning Spire   Summ/Air       Unusable   N/A       N/A         4
 Death Channel            Necr           Unusable   N/A       N/A         6
 Simulacrum               Ice/Necr       Unusable   N/A       N/A         6

Dungeon Overview and Level Annotations

Branches:
Dungeon (15/15)            Temple (1/1) D:4            Lair (5/5) D:9
 Shoals (4/4) Lair:2       Spider (4/4) Lair:3        Slime (0/5) Lair:5
    Orc (2/2) D:9             Elf (0/3) Orc:2        Vaults (0/5) D:14
 Depths (0/4) D:15          Sewer (visited)         Ossuary (visited)
  IceCv (visited)         Volcano (visited)

Altars:
Ashenzari
Cheibriados
Dithmenos
Elyvilon
Fedhas
Gozag
Hepliaklqana
Kikubaaqudgha
Makhleb
Nemelex Xobeh
Okawaru
Qazlal
Ru
Sif Muna
Trog
Uskayaw
Vehumet
Wu Jian
Xom
Yredelemnul
Zin
The Shining One
Jiyva

Shops:
D:12 ?   D:15 (   Orc:2 ??(*=   Shoals:1 [

Annotations:
D:6 2 exclusions
D:12 2 transporters


Innate Abilities, Weirdness & Mutations

You are a fearsome iron dragon!
You have a powerful clawing attack.
Your giant scaled body is strong and resiliant, but less evasive.
You are flying.
Your maximum health is greatly increased.
Your armour is entirely melded.
You are incapable of wielding weapons or throwing items.
Your dull iron-grey scales are very hard. (AC +15)
You are amphibious.
You cannot fit into any form of body armour.
((You are cold-blooded and may be slowed by cold attacks.))
[You frequently scream uncontrollably at your foes.]
[((You are very vulnerable to heat. (rF--)))]


Message History

A balrug, 2 sun demons, 2 smoke demons and a tentacled starspawn come into view.
The balrug is wielding a +2 demon whip of flaming.
You roar at the smoke demon!
As you read the scroll of blinking, it crumbles to dust.
The smoke demon roars!
The balrug shouts!
The sun demon shouts! x2
The smoke demon roars!
You hear a roar!
The smoke demon gestures at you. Something smites you!
The balrug hits you with a +2 demon whip of flaming!
You are engulfed in flames!!
* * * LOW HITPOINT WARNING * * *
The balrug burns you.
* * * LOW HITPOINT WARNING * * *
The smoke demon gestures at you.
The sticky flame hits you but does no damage.
As you read the scroll of teleportation, it crumbles to dust.
You feel strangely unstable.
You feel the power of the Abyss delaying your translocation!
You are engulfed in a cloud of scalding steam.
Your body is wracked with pain!
* * * LOW HITPOINT WARNING * * *
The balrug hits you but does no damage. The smoke demon gestures at you.
Something smites you!
* * * LOW HITPOINT WARNING * * *
Unknown command.
Blink to where?
Press: ? - help, Dir - move target A golden eye comes into view.
As you read the scroll of blinking, it crumbles to dust.
A lurking horror comes into view.
The shard shrike simulacrum attacks as you move away!
The shard shrike simulacrum claws you but does no damage. x3
The shard shrike simulacrum attacks as you move away!
The shard shrike simulacrum claws you but does no damage. x3
The shard shrike simulacrum claws you!
* * * LOW HITPOINT WARNING * * *
The shard shrike simulacrum freezes you!!
You resist.
You die...

#~.... ~ ..#.. .
.#.... . ~ #. ....
.### .. #. ...
~..#. . ..
.###..... ~
#.####*#~~.#~.. ..
#..#Z#≈≈.~~~~†.. .
#.D#.~≈~~≈≈.~. # *
#.####~~~.~~~## X
# #
#§≈~~.~#####*## .#
~#.~≈~≈~~..##. . .
.#§ #~~~X~≈#.#.##
. ## ..§.~~♣~~....
# ...
..~~2♣~~#.#.# # .
..##.≈~~≈~>##.....
# ##3~≈~~~~.#### .
.


You could see a shard shrike simulacrum and a lurking horror.

Vanquished Creatures
  Mara (Shoals:3)
  Arachne (Spider:3)
  A kraken (Shoals:4)
  Polyphemus (Shoals:3)
  A tengu reaver (D:15)
  Donald (Shoals:2)
  Roxanne (Spider:4)
  4 ghost moths (Spider:4)
  Ilsuiw (Shoals:4)
  3 emperor scorpions
  A broodmother (Spider:3)
  4 very ugly things (Abyss:3)
  Nessos (D:12)
  Azrael (D:12)
  6 spark wasps
  Snorg (Lair:4)
  4 merfolk javelineers
  A fire dragon (Volcano)
  5 entropy weavers
  6 merfolk impalers
  An ice dragon (Lair:2)
  Fannar (Lair:1)
  Erolcha (D:11)
  4 hydras
  A vault guard (D:14)
  An ogre mage (D:12)
  3 catoblepae
  6 centaur warriors
  6 merfolk avatars
  A death scarab (Spider:4)
  7 merfolk aquamancers
  9 two-headed ogres
  3 boulder beetles
  4 death yaks
  A tengu warrior (D:15)
  A deep troll earth mage (D:15)
  An alligator snapping turtle (Shoals:4)
  2 thrashing horrors (Abyss:3)
  4 orc high priests (Orc:2)
  Urug (D:10)
  9 demonic crawlers
  A hell hog (Volcano)
  Nergalle (Lair:3)
  5 skeletal warriors (D:15)
  2 sun moths
  5 skysharks
  A sun demon (Abyss:3)
  2 wretched stars (Abyss:3)
  7 orb spiders
  4 pharaoh ants
  13 sea snakes
  Pikel (D:7)
  A wizard (D:14)
  An orc knight (D:14)
  2 ugly things (IceCv)
  3 steelbarb worms
  3 spectral wolf spiders (Spider:2)
  5 harpies
  9 starcursed masses (Abyss:3)
  6 deep elf pyromancers
  A lindwurm (Lair:5)
  5 wolf spider zombies (Spider:2)
  2 orc sorcerers
  5 fauns
  16 wolf spiders
  13 manticores
  2 moths of wrath
  2 oklob plants
  17 elephants
  4 cyclopes
  2 water nymphs
  11 merfolk sirens
  4 black mambas
  4 ice statues
  6 cane toads
  Maurice (D:10)
  A smoke demon (Abyss:3)
  2 molten gargoyles (Volcano)
  4 torpor snails
  3 gargoyles
  Maggie (D:9)
  5 rime drakes
  Psyche (D:12)
  A tormentor (Abyss:3)
  13 komodo dragons
  2 tengu conjurers (D:15)
  An anaconda simulacrum (IceCv)
  2 freezing wraiths
  9 trolls
  A hellwing (D:13)
  19 merfolk
  8 wind drakes
  5 wolf spider simulacra (Spider:2)
  9 meliai
  2 polar bears
  9 blink frogs
  7 hornets
  19 tarantellas
  6 dream sheep (Shoals:2)
  10 snapping turtles
  13 slime creatures
  22 jumping spiders
  17 culicivoras
  16 water elementals
  Sigmund (D:3)
  3 shadows
  4 wraiths
  A large abomination (Abyss:3)
  A dire elephant simulacrum (IceCv)
  4 fire elementals (D:12)
  57 yaks
  9 wyverns
  11 basilisks
  6 vampire mosquitoes
  Grum (Lair:1)
  5 steam dragons
  57 redbacks
  9 fire bats (Volcano)
  2 acid dragons (D:10)
  6 wargs
  17 water moccasins
  A hell hound (Volcano)
  11 ice beasts
  19 orc warriors
  A black bear (shapeshifter) (D:15)
  5 black bears
  11 ogres
  11 centaurs
  A small abomination (Abyss:3)
  7 wolves (Lair:1)
  8 kobold brigands
  9 bullfrogs
  4 gnoll sergeants (D:9)
  A scorpion (D:7)
  A cane toad simulacrum (D:13)
  19 wights
  4 killer bees
  An elephant simulacrum (IceCv)
  4 electric eels
  9 howler monkeys
  4 lava snakes (Volcano)
  23 orc priests
  5 hounds
  A jelly (D:7)
  A sleepcap (D:5)
  Jessica (D:3)
  2 iguanas
  Ijyb (D:3)
  22 orc wizards
  6 hell rats (Lair:4)
  2 troll simulacra (D:13)
  2 polar bear simulacra
  4 wolf simulacra
  A mummy (Ossuary)
  10 gnolls
  2 naga simulacra (D:13)
  7 adders
  12 river rats
  2 shadow imps (D:13)
  6 white imps
  An ufetubus (D:5)
  A worm (D:4)
  4 dart slugs
  54 orcs
  5 spectral bats (Ossuary)
  6 endoplasms
  6 giant cockroaches
  12 gnoll zombies (Ossuary)
  4 goblins
  7 hobgoblins
  A jackal (Sewer)
  4 quokkas
  4 ball pythons
  9 bats
  2 bat simulacra (Ossuary)
  A frilled lizard (D:3)
  7 goblin simulacra (Ossuary)
  5 goblin zombies (Ossuary)
  4 hobgoblin zombies (Ossuary)
  13 kobolds
  4 kobold zombies (Ossuary)
  5 orc zombies (Ossuary)
  15 rats
  3 rat simulacra (Ossuary)
  3 spectral goblins
  4 spectral kobolds (Ossuary)
  2 spectral rats (Ossuary)
  A lurking horror (Abyss:3)
  5 tentacles (Shoals:4)
1114 creatures vanquished.

Vanquished Creatures (others)
  2 merfolk sirens (Shoals:4)
  A jumping spider (Spider:2)
  A water elemental (Shoals:4)
  An orc wizard (D:10)
  An orc (D:11)
  A lurking horror (Abyss:3)
  13 tentacles (Shoals:4)
20 creatures vanquished.

Grand Total: 1134 creatures vanquished

Notes
Turn   | Place    | Note
-------+----------+-------------------------------------------
     0 | D:1      | MacCMillion the Draconian Shapeshifter began the quest for
                  | the Orb.
     0 | D:1      | Reached XP level 1. HP: 16/16 MP: 1/1
   168 | D:1      | Reached XP level 2. HP: 24/24 MP: 2/2
   440 | D:1      | Found a faded altar of an unknown god.
   536 | D:2      | Reached XP level 3. HP: 30/30 MP: 3/3
  1074 | D:3      | Noticed Ijyb
  1091 | D:3      | Killed Ijyb
  1092 | D:3      | Reached XP level 4. HP: 15/38 MP: 4/4
  1331 | D:3      | Found a shadowy altar of Dithmenos.
  1376 | D:3      | Noticed Jessica
  1380 | D:3      | Killed Jessica
  1643 | D:3      | Noticed Sigmund
  1652 | D:3      | Killed Sigmund
  1653 | D:3      | Reached skill level 5 in Unarmed Combat
  1653 | D:3      | Reached XP level 5. HP: 27/46 MP: 5/5
  1653 | D:3      | Reached XP level 6. HP: 30/52 MP: 6/6
  2333 | D:4      | Found a hazy altar of Hepliaklqana.
  2598 | D:4      | Found a staircase to the Ecumenical Temple.
  2612 | Temple   | Entered the Ecumenical Temple
  2630 | Temple   | Became a worshipper of Warmaster Okawaru
  2717 | D:4      | Reached skill level 1 in Invocations
  3441 | D:5      | Entered Level 5 of the Dungeon
  3452 | D:5      | Noticed a water moccasin
  3459 | D:5      | Killed a water moccasin
  3460 | D:5      | Your scales start taking on a dull iron-grey colour.
  3460 | D:5      | Reached XP level 7. HP: 60/60 MP: 6/8
  3561 | D:5      | Reached skill level 5 in Fighting
  3612 | D:5      | Reached * piety under Okawaru
  4150 | D:5      | Reached XP level 8. HP: 66/70 MP: 9/9
  4382 | D:5      | Reached ** piety under Okawaru
  4741 | D:6      | Reached skill level 4 in Shapeshifting
  5006 | D:6      | Reached XP level 9. HP: 39/73 MP: 8/12
  5095 | D:6      | Found a glowing drain.
  5103 | Sewer    | Entered a sewer
  5504 | Sewer    | Found a white marble altar of Elyvilon.
  5741 | D:6      | Reached skill level 5 in Shapeshifting
  6046 | D:7      | Reached *** piety under Okawaru
  6094 | D:7      | Noticed a two-headed ogre
  6113 | D:7      | Killed a two-headed ogre
  6114 | D:7      | Reached skill level 6 in Shapeshifting
  6264 | D:7      | Found a sand-covered staircase.
  6277 | Ossuary  | Entered an ossuary
  6436 | Ossuary  | Reached XP level 10. HP: 89/89 MP: 13/13
  7077 | D:7      | Found a shimmering blue altar of Sif Muna.
  7100 | D:7      | Reached skill level 7 in Shapeshifting
  7437 | D:8      | Reached **** piety under Okawaru
  8018 | D:8      | Noticed Pikel
  8041 | D:7      | Killed Pikel
  8042 | D:7      | Reached skill level 10 in Unarmed Combat
  8586 | D:9      | Noticed a two-headed ogre
  8619 | D:9      | Killed a two-headed ogre
  8620 | D:9      | Reached skill level 8 in Shapeshifting
  8736 | D:9      | Noticed Maggie
  8748 | D:9      | Killed Maggie
  8757 | D:9      | Reached ***** piety under Okawaru
  8976 | D:9      | Found a glowing silver altar of Zin.
  8979 | D:9      | Found a stormy altar of Qazlal.
  8983 | D:9      | Found an ornate altar of the Wu Jian Council.
  8990 | D:9      | Found a hide-covered altar of Uskayaw.
  8990 | D:9      | Found an opulent altar of Gozag.
  9144 | D:9      | Found a staircase to the Lair.
  9254 | D:9      | Reached XP level 11. HP: 83/99 MP: 14/14
  9310 | D:9      | Identified the scarf of the Carpenter {rC+ rF+, rElec rN+++
                  | Regen+ Str-3}
  9420 | D:9      | Found a staircase to the Orcish Mines.
  9451 | D:9      | Received a gift from Okawaru
  9452 | D:9      | Reached skill level 9 in Shapeshifting
  9461 | D:9      | Reached skill level 10 in Fighting
 10105 | D:10     | Entered Level 10 of the Dungeon
 10379 | D:10     | Noticed Urug
 10396 | D:10     | Killed Urug
 10397 | D:10     | Reached skill level 1 in Shields
 10397 | D:10     | Reached skill level 5 in Invocations
 10678 | D:10     | Noticed Maurice
 10690 | D:10     | Killed Maurice
 11092 | D:11     | Noticed a two-headed ogre
 11100 | D:11     | Killed a two-headed ogre
 11105 | D:11     | Noticed Erolcha
 11112 | D:11     | Received a gift from Okawaru
 11128 | D:11     | Killed Erolcha
 11655 | D:11     | Noticed a boulder beetle
 11665 | D:11     | Killed a boulder beetle
 11666 | D:11     | Reached XP level 12. HP: 101/106 MP: 16/16
 11999 | D:11     | Identified the +1 war axe of the Shark {freeze, +Blink
                  | rElec rPois Stlth-}
 12193 | Lair:1   | Entered Level 1 of the Lair of Beasts
 12211 | Lair:1   | Noticed a death yak
 12232 | D:9      | Killed a death yak
 12375 | Lair:1   | Noticed Grum
 12402 | Lair:1   | Killed Grum
 12505 | Lair:1   | Reached skill level 5 in Dodging
 12513 | Lair:1   | Reached skill level 10 in Shapeshifting
 12884 | Lair:1   | Noticed Fannar
 12897 | Lair:1   | Killed Fannar
 13179 | Lair:2   | Identified the +1 hat "Viocw" {Drain Int+3 Dex+5} (Okawaru
                  | gifted it to you on level 2 of the Lair of Beasts)
 13179 | Lair:2   | Received a gift from Okawaru
 13572 | Lair:2   | Found a staircase to the Shoals.
 14114 | Lair:2   | Noticed an ice dragon
 14115 | Lair:2   | Identified the staff of the Solstice {rF+ rN+ Str+4 Int+2
                  | Dex+3 Necro}
 14163 | Lair:2   | Killed an ice dragon
 14341 | Lair:3   | Noticed Nergalle
 14350 | Lair:3   | Killed Nergalle
 14647 | Lair:3   | Reached XP level 13. HP: 113/113 MP: 17/17
 14899 | Lair:3   | Found a hole to the Spider Nest.
 15844 | Lair:4   | Noticed Snorg
 15851 | Lair:4   | Killed Snorg
 15996 | Lair:4   | Reached skill level 11 in Shapeshifting
 16002 | Lair:4   | Reached ****** piety under Okawaru
 16017 | Lair:4   | Found a dark tunnel.
 16024 | Volcano  | Entered a volcano
 16060 | Volcano  | Received a gift from Okawaru
 16163 | Volcano  | Found a burning altar of Makhleb.
 16224 | Volcano  | Noticed a fire dragon
 16235 | Volcano  | Killed a fire dragon
 16453 | Lair:4   | Reached skill level 10 in Dodging
 17147 | Lair:5   | Entered Level 5 of the Lair of Beasts
 17179 | Lair:4   | Received a gift from Okawaru
 17445 | Lair:4   | Reached XP level 14. HP: 60/121 MP: 18/18
 17721 | Lair:5   | Found a staircase to the Slime Pits.
 17721 | Lair:5   | Found a viscous altar of Jiyva.
 18287 | Lair:5   | Identified the +2 cloak of Zete {Stlth+} (Okawaru gifted it
                  | to you on level 5 of the Lair of Beasts)
 18287 | Lair:5   | Received a gift from Okawaru
 18313 | Lair:5   | Reached skill level 12 in Shapeshifting
 18627 | Lair:5   | Identified the +5 trident "Hace" {venom, Int+2}
 18634 | Lair:5   | Got the Codex of the Welkin
 19396 | D:12     | Found Pev Xeh's Magic Scroll Shop.
 19399 | D:12     | Got the Tome of Earth
 19408 | D:12     | Bought a scroll of fear for 48 gold pieces
 19421 | D:12     | Noticed Nessos
 19438 | D:12     | Killed Nessos
 19612 | D:12     | Found a stormy altar of Qazlal.
 19690 | D:12     | Reached skill level 1 in Throwing
 19740 | D:12     | Found a transporter.
 19745 | D:12     | Found a transporter.
 19979 | D:12     | Noticed Psyche
 19985 | D:12     | Killed Psyche
 20261 | D:12     | Noticed Azrael
 20275 | D:12     | Killed Azrael
 20424 | D:13     | Found a frozen archway.
 20510 | D:13     | Identified the +8 halberd of Calculation {antimagic,
                  | Stlth+} (Okawaru gifted it to you on level 13 of the
                  | Dungeon)
 20510 | D:13     | Received a gift from Okawaru
 20532 | IceCv    | Entered an ice cave
 21365 | D:13     | Reached XP level 15. HP: 124/129 MP: 19/19
 21932 | Orc:1    | Entered Level 1 of the Orcish Mines
 21961 | Orc:2    | Entered Level 2 of the Orcish Mines
 21996 | Orc:2    | Found a staircase to the Elven Halls.
 22775 | Orc:2    | Received a gift from Okawaru
 22944 | Orc:2    | Found Zexul's Magic Scroll Shop.
 22947 | Orc:2    | Found Jouwn's General Store.
 22956 | Orc:2    | Found Ketoaroa's Jewellery Boutique.
 22960 | Orc:2    | Found Pures's Weapon Shop.
 23144 | Orc:2    | Reached skill level 13 in Shapeshifting
 23203 | Orc:2    | Found Egeosama's Magic Scroll Boutique.
 23842 | Orc:1    | Found a radiant altar of Vehumet.
 24520 | D:14     | Identified the +0 spear of Upheaval {venom, Dex+3 Stlth+}
 24541 | D:14     | Found a glowing silver altar of Zin.
 24541 | D:14     | Found a glowing golden altar of the Shining One.
 24542 | D:14     | Found a white marble altar of Elyvilon.
 24907 | D:14     | Found a gate to the Vaults.
 25117 | D:15     | Entered Level 15 of the Dungeon
 25127 | D:15     | Noticed a tengu reaver
 25139 | D:15     | Killed a tengu reaver
 25144 | D:15     | Found a staircase to the Depths.
 25175 | D:15     | Reached skill level 14 in Shapeshifting
 25177 | D:15     | Received a gift from Okawaru
 25352 | D:15     | Found a hide-covered altar of Uskayaw.
 25899 | D:15     | Found a sparkling altar of Nemelex Xobeh.
 25993 | D:15     | Identified the +9 falchion "Baunk" {flame, rElec rCorr
                  | Str-4 Int+5}
 26114 | D:15     | Found Wumomari's Antique Weapon Emporium.
 26481 | Orc:2    | Bought a dragon-blood talisman for 1040 gold pieces
 26751 | Spider:1 | Entered Level 1 of the Spider Nest
 26900 | Spider:1 | Noticed an emperor scorpion
 26917 | Spider:1 | Killed an emperor scorpion
 27089 | Spider:1 | Received a gift from Okawaru
 27090 | Spider:1 | Reached skill level 15 in Shapeshifting
 27995 | Spider:1 | Reached skill level 15 in Unarmed Combat
 28120 | Spider:2 | You are sucked into a shaft and drop 1 floor!
 28243 | Spider:3 | Noticed Arachne
 28244 | Spider:3 | Reached XP level 16. HP: 139/139 MP: 20/20
 28250 | Spider:3 | Killed Arachne
 28401 | Spider:2 | Identified the +0 cloak "Sirchogg" {Dex+3} (Okawaru gifted
                  | it to you on level 2 of the Spider Nest)
 28401 | Spider:2 | Received a gift from Okawaru
 30619 | Spider:4 | Entered Level 4 of the Spider Nest
 30878 | Spider:4 | Identified the scarf of Afaseluff {rC+ rF+, Str+3 Stlth+}
                  | (Okawaru gifted it to you on level 4 of the Spider Nest)
 30878 | Spider:4 | Received a gift from Okawaru
 31207 | Spider:4 | Reached skill level 16 in Shapeshifting
 32320 | Spider:4 | Noticed Roxanne
 32372 | Spider:4 | Killed Roxanne
 32377 | Spider:4 | Reached XP level 17. HP: 154/154 MP: 2/21
 33902 | Spider:4 | Identified the +0 hat of Chill Winds {rF+}
 33922 | Spider:4 | Got a gossamer rune of Zot
 34144 | Shoals:1 | Entered Level 1 of the Shoals
 34482 | Shoals:1 | Found Orostraaq's Antique Armour Boutique.
 34883 | Shoals:1 | Reached skill level 15 in Fighting
 35143 | Shoals:2 | Noticed Donald
 35155 | Shoals:2 | Killed Donald
 35207 | Shoals:2 | Identified the +0 kite shield "Forget-Me-Not" {rElec Str+3
                  | Stlth+} (Okawaru gifted it to you on level 2 of the Shoals)
 35207 | Shoals:2 | Received a gift from Okawaru
 35546 | Shoals:2 | Reached skill level 17 in Shapeshifting
 36131 | Shoals:3 | Noticed Mara
 36132 | Shoals:3 | Noticed MacCMillion's illusion
 36639 | Shoals:3 | Noticed MacCMillion's illusion
 37005 | Shoals:3 | Noticed MacCMillion's illusion
 37005 | Shoals:3 | Killed Mara
 37164 | Shoals:3 | Noticed Polyphemus
 37186 | Shoals:3 | Killed Polyphemus
 37868 | Shoals:4 | Entered Level 4 of the Shoals
 37965 | Shoals:4 | Noticed a kraken
 37977 | Shoals:4 | Reached skill level 10 in Invocations
 37994 | Shoals:4 | Received a gift from Okawaru
 38027 | Shoals:4 | Killed a kraken
 38035 | Shoals:4 | Got a barnacled rune of Zot
 38325 | Shoals:4 | Noticed Ilsuiw
 38333 | Shoals:4 | Reached XP level 18. HP: 157/163 MP: 25/25
 38352 | Shoals:4 | Killed Ilsuiw
 38514 | Shoals:4 | Reached skill level 18 in Shapeshifting
 38844 | Abyss:3  | Cast into level 3 of the Abyss (merfolk impaler)
 38974 | Abyss:3  | HP: 12/244 [starcursed mass/accursed screaming (4)]
 39025 | Abyss:3  | HP: 12/244 [smoke demon/divine providence (14)]
 39031 | Abyss:3  | HP: 12/244 [shard shrike simulacrum (9)]
 39031 | Abyss:3  | Mangled by a shard shrike simulacrum

Illustrated notes

Levels and vault maps discovered:
D:1:      noname_arrival_rooms_in_the_neighbourhood, layout_basic,
          basic_ecumenical_altar
D:2:      layout_basic, kennysheep_path_1
D:3:      minmay_spotlight, layout_basic,
          nicolae_dithmenos_through_a_glass_darkly, minmay_misc_feat_cross,
          uniq_ijyb, uniq_jessica, uniq_sigmund
D:4:      layout_basic, nicolae_hepliaklqana_monster_ancestors,
          minmay_temple_entry_mist, serial_co_window_serial, co_window_paths_b,
          co_window_corner_a, co_window_of_opportunity_a, co_window_paths_a,
          co_window_of_opportunity_a, co_window_broadway_b, co_window_2corner,
          co_window_of_opportunity_b, co_window_broadway_b,
          co_window_broadway_a, co_window_of_opportunity_c, glass_columns_b,
          glass_columns_a, glass_columns_a, glass_columns_c, glass_columns_a
D:5:      layout_basic, water_maze_lemuel
D:6:      layout_basic, portal_sewer_entry_f
D:7:      layout_basic, kennysheep_orc_sif_temple, chequers_ossuary_entry_cave
D:8:      layout_loops_ring, uniq_pikel
D:9:      layout_roguey, minmay_overflow_temple_star_hex,
          erik_lair_orcish_takeover, kennysheep_orc_monster_closet_entryway,
          hangedman_corner_corridor, uniq_maggie
D:10:     layout_loops_ring, uniq_urug, uniq_maurice
D:11:     layout_basic, kennysheep_small_spiral, uniq_erolcha
D:12:     gammafunk_wand_slinger, layout_loops_ring, serial_shops,
          nicolae_shop_advertising_works [nicolae_subvault_shop_adworks],
          nicolae_qazlal_general_emergency, uniq_psyche, uniq_azrael,
          uniq_nessos
D:13:     kennysheep_demon_hangout, layout_basic,
          portal_ice_cave_entry_ice_simulacra
D:14:     layout_basic, david_vaults_5, good_gods_mini_temple
D:15:     hellmonk_depths_entry_around_the_bend, layout_stronghold,
          serial_shops, nicolae_shop_trees, nemelex_spade_bored_becter,
          reono_crystal_passage, eat_drink_and_be_merry_uskayaw
Temple:   zaba_magenta_temple
Lair:1:   layout_gridlike, uniq_fannar, uniq_grum
Lair:2:   layout_big_grid, elwin_shoals_entry_rooms, serial_bayou,
          serial_bayou_pond_b, serial_bayou_shore_a, serial_bayou_pond_a,
          serial_bayou_crossing, ice2_lemuel
Lair:3:   layout_long_grid, nicolae_spider_entry_tight_spaces, uniq_nergalle
Lair:4:   layout_small_grid, enter_volcano_4, kennysheep_abandoned_house,
          uniq_snorg
Lair:5:   gammafunk_lair_ancient_temple, layout_cave_pods,
          minmay_slime_entry_oklob_open, kennysheep_basilisk_garden
Shoals:1: layout_shoals, serial_shops, nicolae_shop_window_shopping,
          nicolae_shoals_stone_sculpture_thing
Shoals:2: layout_shoals, uniq_donald
Shoals:3: layout_shoals, uniq_mara, uniq_polyphemus
Shoals:4: shoals_end_hangedman, layout_shoals, shoals_ilsuiw_alternative,
          nicolae_shoals_loop_pool
Spider:1: layout_spider_delve
Spider:2: layout_spider_delve, drop_trap, nicolae_spider_undead_wolf_pack
Spider:3: layout_chambers, nicolae_spider_cling_halls, uniq_arachne
Spider:4: spider_rune_water, uniq_roxanne
Orc:1:    layout_diamond_mine, hangedman_feature_mirror, mines3_lemuel
Orc:2:    st_orc_mages, layout_caves, serial_shops, nicolae_lakefront_shop
Abyss:3:  base:
D:2

Skill      XL: |  1  2  3  4  5  6  7  8  9 10 11 12 13 14 15 16 17 18 |
---------------+-------------------------------------------------------+-----
Fighting       | 2 3 4 6 7 8 9 10 11 14 15 | 15.0
Unarmed Combat | 4 5 6 8 9 10 12 13 14 15 16 | 16.0
Invocations    | 1 2 4 6 10 | 10.0
Shapeshifting  | 4 6 8 9 10 11 12 15 16 17 18 | 18.5
Shields        | 4 |  4.0
Dodging        | 3 7 10 12 | 12.0
Throwing       | 3 |  3.0

Action                     |  1- 3 |  4- 6 |  7- 9 | 10-12 | 13-15 | 16-18 || total
---------------------------+-------+-------+-------+-------+-------+-------++-------
  Melee: Unarmed           |    84 |    96 |   303 |   766 |  1457 |   847 ||  3553
         Tailslap          |     8 |    10 |    48 |   115 |   306 |   140 ||   627
         Punch             |     1 |     4 |    19 |    22 |     9 |    78 ||   133
         Maw               |       |       |       |   130 |   390 |       ||   520
         Bite              |       |       |       |       |     9 |   108 ||   117
  Throw: Dart              |       |       |     3 |     8 |     1 |       ||    12
 Invoke: Heroism           |       |       |     5 |     7 |     5 |     2 ||    19
         Finesse           |       |       |       |     1 |     2 |       ||     3
  Evoke: Wand              |       |     1 |       |     8 |     3 |     4 ||    16
    Use: Potion            |     1 |       |       |     1 |     2 |     4 ||     8
         Scroll            |       |       |       |    12 |    11 |    12 ||    35
   Stab: Sleeping          |       |     2 |     1 |       |     2 |     1 ||     6
         Distracted        |       |     1 |       |       |       |       ||     1
 Armour: Skin              |    26 |    29 |   124 |   326 |   572 |   651 ||  1728
  Dodge: Dodged            |    55 |    40 |   157 |   361 |   905 |   452 ||  1970
  Block: Buckler           |       |       |       |    79 |   294 |       ||   373
   Form: Maw               |       |       |       |     1 |     1 |       ||     2
         Dragon            |       |       |       |       |     3 |       ||     3
                           |       |       |       |       |     2 |       ||     2

Table legend: (Time is in decaauts)
 A = Elapsed time spent in this place.
 B = Non-inter-level travel time spent in this place.
 C = Inter-level travel time spent in this place.
 D = Time resting spent in this place.
 E = Time spent auto-exploring this place.
 F = Levels seen in this place.
 G = Mean time per level.
                   A        B        C        D        E       F      G
               +--------+--------+--------+--------+--------+-----+--------+
         Total |  38260 |  35997 |   2263 |  11002 |  16583 |  36 | 1062.8 |
       Dungeon |  15072 |  13886 |   1186 |   2795 |   7981 |  15 | 1004.8 |
        Temple |     35 |     27 |      8 |      0 |      0 |   1 |   35.0 |
          Lair |   6832 |   6456 |    376 |   2048 |   2714 |   5 | 1366.4 |
        Shoals |   4580 |   4482 |     98 |   1517 |   1914 |   4 | 1145.0 |
   Spider Nest |   7195 |   6895 |    300 |   3017 |   2578 |   4 | 1798.8 |
  Orcish Mines |   2502 |   2209 |    293 |    723 |   1099 |   2 | 1251.0 |
         Abyss |    170 |    170 |      0 |     70 |     11 |   1 |  170.0 |
         Sewer |    509 |    509 |      0 |    301 |     90 |   1 |  509.0 |
       Ossuary |    596 |    596 |      0 |    202 |    106 |   1 |  596.0 |
      Ice Cave |    506 |    506 |      0 |    327 |     22 |   1 |  506.0 |
       Volcano |    258 |    258 |      0 |      0 |     68 |   1 |  258.0 |
               +--------+--------+--------+--------+--------+-----+--------+

Top non-repeatable levels by time:
Spider:4: 3148 daAuts
     D:9: 1945 daAuts
  Lair:4: 1802 daAuts
Shoals:2: 1763 daAuts
  Lair:3: 1650 daAuts
Spider:3: 1630 daAuts
     D:4: 1376 daAuts
Spider:1: 1323 daAuts
   Orc:2: 1314 daAuts
  Lair:5: 1230 daAuts
   Orc:1: 1188 daAuts
  Lair:2: 1169 daAuts
    D:10: 1126 daAuts
    D:15: 1118 daAuts
    D:12: 1108 daAuts
